 Dungeon Crawl Stone Soup version 0.31.0-9-g3a7656b989 (webtiles) character file.

Game seed: 953423143617279675

474926 Sivitri the Ninja (level 23, -1/151 (183) HPs)
             Began as a Vampire Enchanter on Jan 24, 2024.
             Was the Champion of Dithmenos.
             Slain by a tengu reaver
             ... wielding a +3 long sword
              (9 damage)
             ... on level 4 of the Depths.
             The game lasted 02:18:04 (57449 turns).

Sivitri the Ninja (Vampire Enchanter)              Turns: 57449, Time: 02:18:04

HP:   -1/151 (183)  AC: 20    Str: 17    XL:     23   Next: 60%
MP:   23/39         EV: 26    Int: 21    God:    Dithmenos [******]
Gold: 5934          SH:  0    Dex: 22    Spells: 8/46 levels left

rFire   + + .        s - +2 quick blade (elec)
rCold   . . .        (no shield)
rNeg    . . .        g - +2 troll leather armour
rPois   +            T - +1 hat "Angaxofy" {Will++ Str+6}
rElec   .            M - scarf {shadows}
rCorr   +            R - +3 pair of gloves "Ytaong" {rPois Will+ Int+2 Slay+6}
SInv    +            K - +0 pair of boots
Will    +++++        d - amulet of Balance {RegenMP rPois Will+ Stlth+} Stlth ###*******
                     Q - ring "Qacudim" {rF+ Will+ rCorr Slay+2 Stlth+}
HPRegen 1.45/turn    o - ring of the Tortoise {AC+8}
MPRegen 0.66/turn

%: no passive effects
@: very slightly contaminated, healing quickly, slowed, wreathed by umbra,
studying 2 skills, heavily drained, very slow
A: alive, fangs 3, see invisible, vampiric 2, antennae 1, fire resistance 1,
strong-willed 1, strong 1, sturdy frame 1, persistent drain
}: 2/15 runes: barnacled, gossamer
a: Exsanguinate, Renounce Religion, Shadow Step, Shadow Form


You were on level 4 of the Depths.
You worshipped Dithmenos.
Dithmenos was exalted by your worship.
You visited 9 branches of the dungeon, and saw 42 of its levels.
You also visited: Bailey and Ice Cave.

You collected 7882 gold pieces.
You spent 1948 gold pieces at shops.


Innate Abilities, Weirdness & Mutations

Your natural rate of healing is accelerated.
You have razor-sharp teeth.
You have supernaturally acute eyesight. (SInv)
You are afflicted with vampirism and can become a bat while bloodless.
You have a pair of small antennae on your head.
Your flesh is heat resistant. (rF+)
You are strong-willed. (Will+)
Your muscles are strong. (Str +4, Int/Dex -1)
Your movements are slightly less encumbered by armour. (ER -2)
Your health recovers twice as slowly from being drained.


   Skills:
 + Level 15.8 Fighting
 - Level 10.0 Short Blades
 + Level 4.7 Armour
 + Level 17.1 Dodging
 O Level 27 Stealth
 - Level 12.0 Spellcasting
 - Level 3.0 Conjurations
 - Level 20.0 Hexes
 - Level 12.0 Translocations
 - Level 3.0 Air Magic
 - Level 6.0 Earth Magic
 - Level 6.0 Alchemy
 - Level 7.0 Invocations
 - Level 16.0 Shapeshifting


You had 8 spell levels left.
You knew the following spells:

 Your Spells              Type           Power      Damage    Failure   Level
a - Manifold Assault      Tloc           58%        N/A       1%          4
c - Confusing Touch       Hex            77%        N/A       0%          3
e - Ensorcelled Hibernat  Hex/Ice        100%       N/A       1%          2
m - Mephitic Cloud        Conj/Alch/Air  29%        N/A       3%          3
p - Petrify               Alch/Erth      37%        N/A       4%          4
B - Blink                 Tloc           100%       N/A       1%          2
D - Discord               Hex            38%        N/A       10%         8
X - Yara's Violent Unrav  Hex/Alch       30%        3d13      1%          5
Y - Enfeeble              Hex            38%        N/A       1%          7

Your spell library contained the following spells:

 Spells                   Type           Power      Damage    Failure   Level
 Slow                     Hex            100%       N/A       0%          1
 Sigil of Binding         Hex            77%        N/A       0%          3
 Tukima's Dance           Hex            77%        N/A       0%          3
 Cause Fear               Hex            38%        N/A       0%          4
 Magic Dart               Conj           100%       1d8       1%          1
 Sandblast                Erth           74%        2d16      1%          1
 Sting                    Conj/Alch      100%       1d9       1%          1
 Lesser Beckoning         Tloc           100%       N/A       1%          2
 Mercury Vapours          Alch/Air       62%        N/A       1%          2
 Momentum Strike          Conj/Tloc      88%        3d10      1%          2
 Dazzling Flash           Conj/Hex       100%       N/A       1%          3
 Inner Flame              Hex/Fire       53%        N/A       1%          3
 Passwall                 Erth           37%        N/A       1%          3
 Volatile Blastmotes      Fire/Tloc      74%        2d16      1%          3
 Anguish                  Hex/Necr       26%        N/A       1%          4
 Dimensional Bullseye     Hex/Tloc       34%        N/A       1%          4
 Passage of Golubria      Tloc           58%        N/A       1%          4
 Silence                  Hex/Air        28%        N/A       1%          5
 Searing Ray              Conj           50%        2d6       2%          2
 Static Discharge         Conj/Air       50%        3-6/arc   2%          2
 Stone Arrow              Conj/Erth      62%        3d10      2%          3
 Iskenderun's Mystic Bla  Conj/Tloc      44%        2d10      2%          4
 Metabolic Englaciation   Hex/Ice        26%        N/A       2%          5
 Summon Mana Viper        Hex/Summ       53%        N/A       2%          5
 Olgreb's Toxic Radiance  Alch           37%        N/A       4%          4
 Freeze                   Ice            48%        1d6       5%          1
 Dispersal                Tloc           29%        N/A       6%          6
 Call Imp                 Summ           24%        N/A       9%          2
 Sublimation of Blood     Necr           12%        N/A       9%          2
 Hailstorm                Conj/Ice       18%        3d7       9%          3
 Brom's Barrelling Bould  Conj/Erth      31%        2d5       9%          4
 Fulminant Prism          Conj/Alch      15%        3d10      9%          4
 Frozen Ramparts          Ice            24%        1d4       16%         3
 Fugue of the Fallen      Necr           12%        N/A       16%         3
 Ozocubu's Armour         Ice            12%        N/A       16%         3
 Summon Ice Beast         Ice/Summ       12%        N/A       16%         3
 Vampiric Draining        Necr           12%        2d6       16%         3
 Airstrike                Air            12%        2d(2-18)  16%         4
 Ignite Poison            Fire/Alch      25%        N/A       16%         4
 Sticky Flame             Fire/Alch      25%        2d6       16%         4
 Irradiate                Conj/Alch      15%        3d16      24%         5
 Flame Wave               Conj/Fire      18%        2d7       28%         4
 Summon Lightning Spire   Summ/Air       18%        N/A       28%         4
 Summon Blazeheart Golem  Fire/Summ      12%        N/A       47%         4
 Freezing Cloud           Conj/Ice/Air   10%        6-21      54%         5
 Disjunction              Tloc           29%        N/A       95%         8
 Plasma Beam              Fire/Air       9%         2x1d19    99%         6
 Starburst                Conj/Fire      9%         6d5       99%         6
 Monstrous Menagerie      Summ           6%         N/A       100%        7
 Orb of Destruction       Conj           12%        9d7       100%        7
 Ozocubu's Refrigeration  Ice            6%         4d8       100%        7
 Spellforged Servitor     Conj/Summ      9%         N/A       100%        7
 Summon Hydra             Summ           6%         N/A       100%        7
 Ignition                 Fire           6%         3d4       100%        8
 Lehudib's Crystal Spear  Conj/Erth      15%        10d5      100%        8
 Maxwell's Capacitive Co  Air            12%        ∞         100%        8
 Chain Lightning          Conj/Air       12%        3d16      100%        9
 Fire Storm               Conj/Fire      9%         8d2       100%        9
 Shatter                  Erth           18%        3d17*     100%        9

Inventory:

Hand Weapons
 s - a +2 quick blade of electrocution (weapon)
 O - a +1 demon blade
 X - the +8 lance "Wyrmbane" {slay drac, rPois rF+ rC+ AC+3}
   (You found it on level 4 of the Shoals)

   AC+3:      It affects your AC (+3).
   rF+:       It protects you from fire.
   rC+:       It protects you from cold.
   rPois:     It protects you from poison
Missiles
 a - 5 throwing nets {=f}
Armour
 g - a +2 troll leather armour (worn)
 j - the +3 pair of gloves of Ashenzari's Delight {Regen+}
   (You acquired it on level 8 of the Dungeon)

   Regen+:    It increases your rate of health regeneration.
 r - +0 shadow dragon scales
 C - a scarf of resistance
 K - a +0 pair of boots (worn)
 M - a scarf of shadows (worn)
 R - the +3 pair of gloves "Ytaong" (worn) {rPois Will+ Int+2 Slay+6}
   (You bought it in a shop on level 2 of the Orcish Mines)

   Int+2:     It affects your intelligence (+2).
   Slay+6:    It affects your accuracy & damage with ranged weapons and melee
   (+6).
   rPois:     It protects you from poison Will+: It increases your willpower.
 T - the +1 hat "Angaxofy" (worn) {Will++ Str+6}
   (You found it on level 4 of the Spider Nest)

   Str+6:     It affects your strength (+6).
   Will++:    It greatly increases your willpower.
Jewellery
 d - the amulet of Balance (around neck) {RegenMP rPois Will+ Stlth+}
   (You took it off a deep elf sorcerer on level 3 of the Elven Halls)

   [amulet of magic regeneration]

   RegenMP:   It increases your rate of magic regeneration.
   rPois:     It protects you from poison Will+: It increases your willpower.
   Stlth+:    It makes you more stealthy.
 f - the ring of Inoboo {rF+ Int+2 Slay+4 SInv Stlth+}
   (You took it off an ancient champion on level 4 of the Depths)

   [ring of slaying]

   Int+2:     It affects your intelligence (+2).
   Slay+4:    It affects your accuracy & damage with ranged weapons and melee
   (+4).
   rF+:       It protects you from fire.
   SInv:      It lets you see invisible.
   Stlth+:    It makes you more stealthy.
 h - the amulet "Zohuiro" {rF+ Regen+}
   (You acquired it on level 2 of the Depths)

   [amulet of regeneration]

   rF+:       It protects you from fire.
   Regen+:    It increases your rate of health regeneration.
 o - the ring of the Tortoise (right hand) {AC+8}
   (You took it off a deep elf demonologist on level 3 of the Elven Halls)

   [ring of protection]

   AC+8:      It affects your AC (+8).
 E - the ring "Pohuegud" {rF+ rC++}
   (You acquired it on level 2 of the Depths)

   [ring of protection from fire]

   rF+:       It protects you from fire.
   rC++:      It greatly protects you from cold.
 F - the ring of Wecorch {Fire *Corrode Will+ Int-2 Dex+10}
   (You acquired it on level 2 of the Depths)

   [ring of fire]

   Fire:      It enhances your fire magic.
   Int-2:     It affects your intelligence (-2).
   Dex+10:    It affects your dexterity (+10).
   rF+:       It protects you from fire.
   rC-:       It makes you vulnerable to cold.
   Will+:     It increases your willpower.
   *Corrode:  It may corrode you when you take damage.
 H - the ring of the Locust {rPois rC+ Int+3 Dex-4}
   (You acquired it on level 7 of the Dungeon)

   [ring of protection from cold]

   Int+3:     It affects your intelligence (+3).
   Dex-4:     It affects your dexterity (-4).
   rC+:       It protects you from cold.
   rPois:     It protects you from poison
 L - a ring of flight
 Q - the ring "Qacudim" (left hand) {rF+ Will+ rCorr Slay+2 Stlth+}
   (You took it off a deep elf death mage on level 3 of the Elven Halls)

   [ring of resist corrosion]

   Slay+2:    It affects your accuracy & damage with ranged weapons and melee
   (+2).
   rF+:       It protects you from fire.
   Will+:     It increases your willpower.
   rCorr:     It protects you from acid and corrosion.
   Stlth+:    It makes you more stealthy.
 Y - a +4 ring of slaying
Talismans
 m - a granite talisman
Wands
 l - a wand of quicksilver (2)
 n - a wand of digging (2)
Scrolls
 c - 2 scrolls of brand weapon
 e - a scroll of silence {!r}
 k - 5 scrolls of fog
 v - a scroll of blinking
 x - 3 scrolls of immolation
 y - 4 scrolls of enchant armour
 z - 6 scrolls of enchant weapon
 B - 7 scrolls of amnesia
 D - 2 scrolls of vulnerability
 N - 7 scrolls of teleportation {@r2}
 P - 2 scrolls of revelation
 U - 4 scrolls of torment
 Z - 8 scrolls of poison
Potions
 b - 8 potions of ambrosia
 i - 5 potions of magic
 p - 7 potions of resistance
 q - 7 potions of haste {@q3}
 t - 6 potions of mutation
 u - 3 potions of heal wounds {@q2}
 w - 10 potions of brilliance
 A - a potion of invisibility
 G - 5 potions of attraction
 I - 2 potions of berserk rage {!q}
 J - 9 potions of cancellation
 S - 5 potions of curing {@q1}
 W - 4 potions of might
Miscellaneous
 V - a lightning rod (4/4)

Dungeon Overview and Level Annotations

Branches:
Dungeon (15/15)            Temple (1/1) D:5            Lair (5/5) D:8
 Shoals (4/4) Lair:3       Spider (4/4) Lair:2        Slime (0/5) Lair:5
    Orc (2/2) D:10            Elf (3/3) Orc:2        Vaults (4/5) D:13
  Crypt (0/3) Vaults:2     Depths (4/4) D:15            Zot (0/5) Depths:4
 Bailey (visited)           IceCv (visited)

Altars:
Ashenzari
Cheibriados
Dithmenos
Fedhas
Gozag
Hepliaklqana
Kikubaaqudgha
Makhleb
Nemelex Xobeh
Okawaru
Qazlal
Ru
Sif Muna
Trog
Uskayaw
Vehumet
Wu Jian
Xom
Yredelemnul
Jiyva

Shops:
D:1 =[[   D:6 *   D:11 (   Orc:1 [   Orc:2 *[**   Elf:2 (   Elf:3 (
Shoals:1 (   Vaults:2 ?   Vaults:3 *   Depths:1 (**!   Depths:2 *:=:
Depths:3 (=

Portals:
Hell: Depths:1 Depths:2 Depths:3
Abyss: Depths:1 Depths:3
Pandemonium: Depths:2 Depths:4
Ziggurat: Depths:1

Annotations:
Lair:3 1 runed translucent door, nms23's ghost, journeyman MiBe
Shoals:1 Amuaxidi's ghost, adept FoCK
Depths:4 2 transporters, Sojobo

##..#.......##...#......#
##.+...................' ####
###......##...#.......#
##..#####.....................
#....##.....#..##...#......#).
#....#.....#................#.
##.................#..........
###.~~~.....§................ ##
###..~≈~.#§.§@...#'#'#........
.###....~≈.#.§§Q§§.##...##.......
..##......#.§D§#'###.).†.###'#...
...#.....#..§p##..)#.....#...##..
##'#........§p'....##..[##...[†..
#....)#...pi..#(..)###©###(...##'
'....#.....p#'###?_# #####)?###).
#..........##.. ### ~~~#######.)
...........'... ^~# #)))


You could see a neutral tengu reaver (fast, strong, frenzied, repels missiles).


Message History

The tengu reaver hits you but does no damage.
The tengu reaver pecks you but does no damage.
The tengu reaver barely misses you.
The hell knight hits the necromancer with a +1 demon trident!
The necromancer misses the spriggan air mage.
The hell knight hits the ice dragon with a +0 great mace of flaming!!
The hell knight burns the ice dragon!
The spriggan air mage casts a spell at you.
The bolt of lightning hits the hell knight!!
The bolt of lightning hits you!
* * * LOW HITPOINT WARNING * * *
The bolt of lightning misses the tengu reaver.
You hear a shout! x4
Unknown command.
Unknown command.
Blink to where?
Press: ? - help, Q - select action, (/) - cycle Dir - move target
Okay, then.
Okay, then.
Use which ability? (? or * to list)
Aiming: Shadow Step
Press: ? - help, Dir - move target, f - tengu reaver
Aim: a tengu reaver, wielding a +3 long sword, wearing a +4 ring mail of cold resistance and wearing a +0 buckler (black smoke, fast, strong, frenzied and wild, repelling missiles, umbra)
You step into the tengu reaver's shadow.
Dithmenos accepts your kill.
You feel a bit more experienced.
The tengu reaver hits you with a +3 long sword!!
* * * LOW HITPOINT WARNING * * *
You emit a cloud of dark smoke.
The tengu reaver pecks you!
You die...

Skill      XL: |  1  2  3  4  5  6  7  8  9 10 11 12 13 14 15 16 17 18 19 20 21 22 23 |
---------------+----------------------------------------------------------------------+-----
Stealth        | 5 6 7 8 12 15 17 22 27 | 27.0
Short Blades   | 2 3 5 8 9 10 | 10.0
Hexes          | 5 6 8 9 10 18 19 20 | 20.0
Spellcasting   | 3 4 6 9 10 12 | 12.0
Fighting       | 1 3 6 8 10 12 14 15 | 15.8
Dodging        | 3 8 11 13 15 16 17 | 17.1
Alchemy        | 5 6 |  6.0
Earth Magic    | 5 6 |  6.0
Invocations    | 7 |  7.0
Air Magic      | 3 |  3.0
Conjurations   | 3 |  3.0
Shapeshifting  | 2 8 11 12 16 | 16.0
Translocations | 4 11 12 | 12.0
Armour         | 4 |  4.7

Action                     |  1- 3 |  4- 6 |  7- 9 | 10-12 | 13-15 | 16-18 | 19-21 | 22-24 || total
---------------------------+-------+-------+-------+-------+-------+-------+-------+-------++-------
  Melee: Dagger            |    91 |   156 |   166 |   588 |  1241 |   228 |       |       ||  2470
         Bite              |     9 |    15 |    23 |    79 |   202 |   107 |   151 |   113 ||   699
         Punch             |     1 |       |     3 |     9 |    17 |    16 |    18 |    23 ||    87
         Rapier            |       |       |       |       |       |   576 |       |       ||   576
         Quick blade       |       |       |       |       |       |   118 |   926 |   626 ||  1670
   Cast: Ensorcelled Hiber |     4 |    26 |    53 |   126 |   299 |   343 |   123 |    45 ||  1019
         Confusing Touch   |       |     2 |     6 |    16 |    32 |    13 |       |     4 ||    73
         Petrify           |       |       |       |     1 |    13 |    26 |       |       ||    40
         Mephitic Cloud    |       |       |       |       |       |    18 |       |       ||    18
         Yara's Violent Un |       |       |       |       |       |     9 |    10 |     4 ||    23
         Enfeeble          |       |       |       |       |       |    52 |    57 |    63 ||   172
         Discord           |       |       |       |       |       |       |    10 |    14 ||    24
         Blink             |       |       |       |       |       |       |     1 |       ||     1
 Invoke: Shadow Step       |       |       |       |       |       |       |       |     1 ||     1
  Evoke: Wand              |       |       |     3 |     2 |     8 |    21 |       |       ||    34
         Lightning rod     |       |       |       |     6 |       |     1 |       |       ||     7
    Use: Potion            |     2 |     3 |       |       |     2 |    13 |     4 |     6 ||    30
         Scroll            |       |       |    15 |     7 |    11 |    26 |     1 |     9 ||    69
   Stab: Sleeping          |    14 |    20 |    42 |    89 |   243 |   280 |   166 |   140 ||   994
         Confused          |       |     3 |     6 |    10 |    30 |    19 |       |     3 ||    71
         Invisible         |       |     3 |       |       |     8 |    38 |    27 |    47 ||   123
         Distracted        |       |       |       |     3 |     5 |    12 |     4 |     6 ||    30
         Petrifying        |       |       |       |       |    10 |    10 |       |       ||    20
         Petrified         |       |       |       |       |     3 |    15 |       |       ||    18
 Armour: Robe              |    45 |    79 |    73 |       |       |       |       |       ||   197
         Steam dragon scal |       |       |    25 |   102 |       |       |       |       ||   127
         Troll leather arm |       |       |       |    56 |   382 |   465 |   292 |   227 ||  1422
  Dodge: Dodged            |    56 |    95 |   116 |   611 |  1373 |  1125 |   602 |   415 ||  4393

Levels and vault maps discovered:
D:1:      minmay_arrival_diagonal_passages, layout_basic, serial_shops,
          nicolae_shop_pleasant_corner_grove, nicolae_shop_tiny_waterfront,
          nicolae_shop_pleasant_corner_grove
D:2:      layout_basic, uniq_jessica, uniq_natasha
D:3:      layout_basic, grunt_qazlal_sundering,
          hellmonk_ecumenical_altar_dog_temple, grunt_ministairs_12,
          minmay_liquid_box, nicolae_figureground_pulse
D:4:      layout_loops_ring, hellmonk_overflow_destroyed_library, uniq_duvessa,
          uniq_grinder
D:5:      layout_gridville, minmay_temple_entry_sparse_star
D:6:      layout_basic, nicolae_dithmenos_shadow_blocks, serial_shops,
          nicolae_shop_advertising_works [nicolae_subvault_shop_adworks],
          minmay_splitting_lines
D:7:      layout_loops_cross, nicolae_elyvilon_peaceful_grove,
          minmay_misc_feat_ornament
D:8:      minmay_cut_squares, layout_basic, xom_redecorated,
          hellmonk_lair_entry_icy, serial_rivers,
          chequers_serial_rivers_micro_d, chequers_serial_rivers_room_b,
          chequers_serial_rivers_large_a, chequers_serial_rivers_micro_a,
          chequers_hall_statues_corner_a
D:9:      layout_irregular_city, enter_bailey_7, nicolae_eternal_life,
          minmay_strange_pillars
D:10:     layout_basic, orc_0_dummy, nicolae_straight_to_the_point
D:11:     layout_rooms, gauntlet_entry_generic,
          ploomutoo_gammafunk_ghost_potion_laboratory, serial_shops,
          nicolae_shop_tiny_real_fake_doors
D:12:     layout_basic, uniq_azrael, uniq_erolcha
D:13:     layout_loops_corners, hellmonk_vaults_order_and_chaos,
          trog_butcher_becter, uniq_jorgrun, uniq_rupert
D:14:     layout_roguey, minmay_holes, kennysheep_pointless_box
D:15:     grunt_enter_depths_hoard, layout_long_grid, st_stairs_10
Temple:   regret_index_temple_sphere_string
Lair:1:   layout_long_grid, portal_ice_cave_entry_pillars_1, lemuel_fruit_tree,
          grunt_megastairs_3
Lair:2:   beast_lair_carwin_large_3, layout_misc_corridors,
          nicolae_spider_entry_lesser_pyramids, lemuel_fruit_fields,
          serial_bayou_shore_b
Lair:3:   layout_cave_pods, elwin_shoals_entry_stream, basic_altar,
          ebering_ghost_xom, chequers_serial_rivers_micro_a, uniq_amaemon
Lair:4:   layout_cave_pods, infiniplex_staircase_pool
Lair:5:   minmay_lair_end_frog_pond, layout_regular_city,
          nicolae_slime_entry_slimehenge, bobbens_dragon_lair_wall
Shoals:1: nicolae_shoals_island_circles, layout_shoals, serial_shops, shop,
          ebering_ghost_davey_jones
Shoals:2: layout_shoals, st_cyclops
Shoals:3: layout_shoals
Shoals:4: shoals_end_grunt_ice, layout_shoals
Spider:1: layout_cave_pods, nicolae_spider_eight_legs
Spider:2: layout_spider_delve, uniq_arachne
Spider:3: layout_spider_delve, nicolae_spider_checkerboard, uniq_mara
Spider:4: grunt_spider_rune_parallel
Orc:1:    layout_caves, serial_shops, nicolae_shop_peninsula, uniq_harold,
          uniq_fannar, uniq_erica
Orc:2:    st_orc_ogre_mass, layout_caves
Elf:1:    layout_geoelf_octagon, kennysheep_underground_church, uniq_louise,
          uniq_agnes
Elf:2:    elven_hall_of_blades_hangedman_original [mumra_blade_entry_bloodbath],
          layout_rooms, serial_shops, nicolae_shop_overgrown_old_shop,
          minmay_elf_annihilation, uniq_norris, uniq_nikola
Elf:3:    elf_hall, layout_geoelf_grid, serial_shops, nicolae_shop_behind_doors,
          uniq_saint_roka, uniq_boris
Vaults:1: nicolae_vaults_tetromino_L_1, grunt_vaults_swirl,
          nicolae_vaults_thirteen_compartments, hangedman_vaults_unwind,
          nicolae_vaults_house_3, nicolae_vaults_turnstiles, v_misc_25,
          v_misc_18, v_alt_pattern_2, nicolae_vaults_circle_grid_a,
          vaults_mumra_lcd, ontoclasm_vaults_ligature, vaults_room_boxed,
          ontoclasm_vaults_shuriken, layout_vaults_omnibox
Vaults:2: ontoclasm_vaults_twist, minmay_crypt_entry_simple_statues,
          ontoclasm_vaults_pinch, vaults_dpeg_ring, vaults_room_pool,
          dpeg_vaults_monster_box, layout_vaults_omnigrid, serial_shops,
          nicolae_shop_rolling_square
Vaults:3: ebering_ghost_rock_garden, hangedman_vaults_locks,
          nicolae_vaults_storage_closets_1, ontoclasm_vaults_spin,
          nicolae_vaults_six-pack, nicolae_vaults_three_branches,
          v_alt_pattern_2, vaults_room_pool, v_misc_14,
          grunt_vaults_hallway_short, v_misc_15, vaults_room_door_ring,
          serial_ice_g, vaults_dpeg_doors, layout_vaults_maze, serial_shops,
          nicolae_diamond_shop, uniq_asterion
Vaults:4: v_pattern_5, vaults_room_door_hall, ontoclasm_vaults_hangar,
          nicolae_vaults_little_squares_5, nicolae_vaults_tangram_2,
          grunt_vaults_funnel, nicolae_vaults_yaktaur_gun_rack,
          vaults_room_grunt_arrival_checkpoint, layout_vaults_big_room
Depths:1: layout_gridville, enter_ziggurat_b, hangedman_decor_clover_reticule,
          minmay_room_of_horrors, hell_entry, chequers_serial_rivers_micro_c,
          minmay_the_grid_2x2 [minmay_the_grid_all_tris,
          minmay_the_grid_dragon_a, minmay_the_grid_paths,
          minmay_the_grid_prize_inner_circle], minmay_shoptagon
Depths:2: regret_index_reflect_refract, layout_long_grid,
          nicolae_hell_entry_hellmouth_sunbeams,
          nicolae_concentric_dashed_squares_wild, grunt_pan_entry_spiral,
          minivault_21, nicolae_transmutations_shop, infiniplex_staircase_x,
          minmay_shop_grove
Depths:3: minmay_curly_fans, layout_basic, hangedman_abyss_entry_splay,
          hangedman_geh_valley, led_sif_pool, minmay_shop_star
Depths:4: hangedman_spin_cycle, pan_entry, hell_entry

Notes
Turn   | Place    | Note
-------+----------+-------------------------------------------
     0 | D:1      | Sivitri the Vampire Enchanter began the quest for the Orb.
     0 | D:1      | Reached XP level 1. HP: 13/13 MP: 3/3
    86 | D:1      | Found Gafranga's Armour Shop.
   184 | D:1      | Reached XP level 2. HP: 15/19 MP: 5/5
   296 | D:1      | Reached skill level 5 in Stealth
   309 | D:1      | Reached skill level 2 in Short Blades
   364 | D:1      | Found Ojauxt's Antique Armour Shoppe.
   948 | D:1      | Found Xuonaf's Jewellery Emporium.
  1036 | D:1      | Learned a level 2 spell: Ensorcelled Hibernation
  1132 | D:2      | Gained mutation: You are afflicted with vampirism and can
                  | become a bat while bloodless. [Vampire growth]
  1132 | D:2      | Reached XP level 3. HP: 22/24 MP: 3/6
  1199 | D:2      | Noticed Natasha
  1208 | D:2      | Killed Natasha
  1212 | D:2      | Reached skill level 3 in Short Blades
  1212 | D:2      | Reached skill level 6 in Stealth
  1227 | D:2      | Noticed Natasha
  1245 | D:2      | Killed Natasha
  1246 | D:2      | Reached XP level 4. HP: 9/30 MP: 0/7
  1315 | D:2      | Learned a level 3 spell: Confusing Touch
  1343 | D:2      | Identified the +2 robe of Xodd {rCorr}
  1741 | D:2      | Noticed Natasha
  1751 | D:2      | Killed Natasha
  2032 | D:2      | Noticed Jessica
  2037 | D:2      | Killed Jessica
  2038 | D:2      | Reached skill level 7 in Stealth
  2038 | D:2      | Reached XP level 5. HP: 30/35 MP: 3/8
  2317 | D:3      | Reached skill level 4 in Short Blades
  2918 | D:3      | Found a stormy altar of Qazlal.
  3079 | D:3      | Found a faded altar of an unknown god.
  3459 | D:4      | Noticed Grinder
  3462 | D:4      | Paralysed by Grinder for 3 turns
  3526 | D:3      | Paralysed by Grinder for 2 turns
  3536 | D:3      | Killed Grinder
  3537 | D:3      | Reached skill level 5 in Short Blades
  3537 | D:3      | Reached skill level 8 in Stealth
  3537 | D:3      | Reached skill level 5 in Hexes
  3537 | D:3      | Reached XP level 6. HP: 19/41 MP: 6/10
  3609 | D:4      | Reached skill level 3 in Spellcasting
  3753 | D:4      | Noticed Dowan
  4069 | D:4      | Found a bloodstained altar of Trog.
  4074 | D:4      | Found a shimmering blue altar of Sif Muna.
  4205 | D:4      | Reached skill level 6 in Hexes
  4205 | D:4      | Reached XP level 7. HP: 46/46 MP: 4/12
  4367 | D:4      | Noticed Duvessa
  4381 | D:4      | Killed Duvessa
  4386 | D:4      | Killed Dowan
  4387 | D:4      | Reached skill level 4 in Spellcasting
  4387 | D:4      | Reached skill level 7 in Hexes
  4462 | D:5      | Entered Level 5 of the Dungeon
  4468 | D:5      | Identified the +0 long sword "Worm" {freeze, Int+3 Dex+3}
  4777 | D:5      | Reached skill level 8 in Hexes
  4797 | D:5      | Reached skill level 1 in Fighting
  4899 | D:5      | Found a staircase to the Ecumenical Temple.
  4913 | D:5      | Reached skill level 3 in Dodging
  4921 | Temple   | Entered the Ecumenical Temple
  5091 | D:5      | Reached XP level 8. HP: 45/56 MP: 14/14
  5115 | D:5      | Reached skill level 2 in Fighting
  5335 | D:6      | Reached skill level 4 in Dodging
  5388 | D:6      | Reached skill level 3 in Fighting
  5466 | D:6      | Reached skill level 5 in Dodging
  5537 | D:6      | HP: 3/58 [orc priest/divine providence (16)]
  5669 | D:6      | Found Agoogiul's General Store.
  5678 | D:6      | Reached skill level 6 in Dodging
  5724 | D:6      | Bought a scroll of teleportation for 39 gold pieces
  6056 | D:6      | Found a shadowy altar of Dithmenos.
  6326 | D:6      | Became a worshipper of Dithmenos the Shadowed
  6362 | D:6      | Reached skill level 7 in Dodging
  6729 | D:7      | Reached skill level 8 in Dodging
  6729 | D:7      | Reached XP level 9. HP: 63/63 MP: 12/15
  7260 | D:7      | Identified a scroll of acquirement
  7324 | D:8      | Reached skill level 9 in Stealth
  7367 | D:8      | Noticed a rime drake
  7369 | D:8      | Found a staircase to the Lair.
  7390 | D:8      | Noticed a gargoyle
  7418 | D:8      | Killed a gargoyle
  7419 | D:8      | Reached skill level 6 in Short Blades
  7495 | D:8      | Acquired the ring of the Locust {rPois rC+ Int+3 Dex-4}
  7496 | D:8      | Acquired the +3 pair of gloves of Ashenzari's Delight
                  | {Regen+}
  7515 | D:8      | Noticed a white ugly thing
  7515 | D:8      | Noticed a cyclops
  7515 | D:8      | Noticed an arcanist
  7528 | D:8      | Reached skill level 10 in Stealth
  7532 | D:8      | Reached skill level 7 in Short Blades
  7539 | D:8      | Noticed a green ugly thing
  7616 | D:8      | Found a shimmering altar of Xom.
  7618 | D:8      | Found a shimmering altar of Xom.
  7618 | D:8      | Found a shimmering altar of Xom.
  7619 | D:8      | Found a shimmering altar of Xom.
  7640 | D:8      | Reached skill level 11 in Stealth
  7779 | D:8      | Killed a cyclops
  7780 | D:8      | Reached skill level 8 in Short Blades
  7780 | D:8      | Reached skill level 12 in Stealth
  7834 | D:8      | Killed a white ugly thing
  7835 | D:8      | Reached XP level 10. HP: 12/70 MP: 12/16
  7901 | D:8      | Killed a white ugly thing
  7902 | D:8      | Reached skill level 4 in Fighting
  7947 | D:8      | Reached skill level 5 in Spellcasting
  8114 | D:8      | Killed an arcanist
  8115 | D:8      | Reached skill level 5 in Fighting
  8127 | D:8      | Reached * piety under Dithmenos
  8200 | D:8      | Reached skill level 6 in Spellcasting
  8633 | D:9      | Reached skill level 6 in Fighting
  8707 | D:9      | Noticed a manticore
  8714 | D:9      | Killed a manticore
  8741 | D:9      | Reached skill level 9 in Hexes
  8827 | D:9      | Reached skill level 9 in Short Blades
  8943 | D:9      | Found a flagged portal.
  8955 | Bailey   | Entered a bailey
  8977 | Bailey   | Reached XP level 11. HP: 80/81 MP: 15/20
  8979 | Bailey   | Reached skill level 10 in Hexes
  9048 | Bailey   | Reached ** piety under Dithmenos
  9155 | Bailey   | Noticed Prince Ribbit
  9155 | Bailey   | Noticed a vault guard
  9159 | Bailey   | Killed Prince Ribbit
  9165 | Bailey   | Killed a vault guard
  9166 | Bailey   | Reached skill level 10 in Short Blades
  9247 | Bailey   | Noticed a vault guard
  9250 | Bailey   | Killed a vault guard
  9362 | Bailey   | Reached skill level 13 in Stealth
  9776 | D:10     | Entered Level 10 of the Dungeon
  9917 | D:10     | Found a staircase to the Orcish Mines.
  9935 | D:10     | Noticed a deep elf pyromancer
  9942 | D:10     | Killed a deep elf pyromancer
  9943 | D:10     | Reached skill level 9 in Dodging
 10384 | D:10     | Got Sif Muna's Guide on Scorching Decomposition
 10397 | D:10     | Reached skill level 14 in Stealth
 10601 | D:10     | Identified the +8 chain mail of the Wumpus {rF++ Str+3}
 10770 | D:11     | Noticed a green ugly thing
 10784 | D:11     | Killed a green ugly thing
 10785 | D:11     | Reached skill level 10 in Dodging
 10787 | D:11     | Found Refiath's Weapon Boutique.
 11138 | D:11     | Reached skill level 15 in Stealth
 11138 | D:11     | Found a runed translucent gate.
 11138 | D:11     | Found a runed translucent gate.
 11138 | D:11     | Found a runed translucent gate.
 11138 | D:11     | Noticed a red ugly thing
 11140 | D:11     | Noticed a brown ugly thing
 11140 | D:11     | Noticed a red ugly thing
 11140 | D:11     | Noticed a red ugly thing
 11140 | D:11     | Noticed a two-headed ogre
 11143 | D:11     | a two-headed ogre changed into a swamp worm
 11156 | D:11     | a torpor snail changed into an alligator
 11156 | D:11     | Noticed an alligator (glowing shapeshifter)
 11166 | D:11     | an alligator changed into a lindwurm
 11166 | D:11     | Noticed a lindwurm (glowing shapeshifter)
 11167 | D:11     | a lindwurm changed into a snapping turtle
 11174 | D:11     | a merfolk changed into a steelbarb worm
 11174 | D:11     | Noticed a steelbarb worm (glowing shapeshifter)
 11176 | D:11     | a steelbarb worm changed into a glowing orange brain
 11176 | D:11     | Noticed a glowing orange brain (glowing shapeshifter)
 11177 | D:11     | a glowing orange brain changed into a sun moth
 11177 | D:11     | Noticed a sun moth (glowing shapeshifter)
 11186 | D:11     | a sun moth changed into a merfolk
 11249 | D:11     | Reached *** piety under Dithmenos
 11420 | D:11     | a faun changed into a death drake
 11420 | D:11     | Noticed a death drake (glowing shapeshifter)
 11422 | D:11     | Learned a level 4 spell: Petrify
 11422 | D:11     | a death drake changed into a fire crab
 11422 | D:11     | Noticed a fire crab (glowing shapeshifter)
 11493 | D:12     | Reached skill level 11 in Dodging
 11493 | D:12     | Reached XP level 12. HP: 87/88 MP: 8/21
 11509 | D:12     | Reached skill level 1 in Alchemy
 11666 | D:12     | Reached skill level 1 in Earth Magic
 11676 | D:12     | Reached skill level 2 in Alchemy
 11809 | D:12     | Noticed Erolcha
 11815 | D:12     | Killed Erolcha
 11816 | D:12     | Reached skill level 2 in Earth Magic
 11839 | D:12     | You fall into a shaft and drop 3 floors!
 11839 | D:15     | Entered Level 15 of the Dungeon
 11846 | D:15     | Noticed a centaur warrior
 11952 | D:15     | Reached skill level 3 in Alchemy
 12012 | D:13     | Reached skill level 3 in Earth Magic
 12146 | D:12     | Noticed Azrael
 12156 | D:12     | Killed Azrael
 12176 | D:12     | Reached skill level 4 in Alchemy
 12630 | Lair:1   | Entered Level 1 of the Lair of Beasts
 12695 | Lair:1   | Found a frozen archway.
 12713 | Lair:1   | Reached skill level 4 in Earth Magic
 12729 | IceCv    | Entered an ice cave
 12928 | IceCv    | Identified a +0 leather armour of resistance
 12980 | IceCv    | Reached skill level 12 in Dodging
 13158 | Lair:1   | Reached skill level 5 in Alchemy
 13204 | Lair:1   | Reached **** piety under Dithmenos
 13238 | Lair:1   | Reached skill level 5 in Earth Magic
 13688 | Lair:1   | Reached skill level 13 in Dodging
 14157 | Lair:1   | Identified the +0 ring mail of Umaaz {Fly rF+ Regen+ Dex+2}
 14294 | Lair:2   | Noticed a seven-headed hydra
 14300 | Lair:2   | Killed a seven-headed hydra
 14325 | Lair:2   | Reached XP level 13. HP: 77/93 MP: 4/22
 14331 | Lair:2   | Found a hole to the Spider Nest.
 14336 | Lair:2   | Reached skill level 14 in Dodging
 14872 | Lair:2   | Reached skill level 15 in Dodging
 15597 | Lair:3   | Found a runed translucent door.
 15598 | Lair:3   | Found a shimmering altar of Xom.
 15598 | Lair:3   | Noticed nms23's ghost (journeyman MiBe)
 15629 | Lair:3   | Identified the +1 arbalest of Zin's Whim {heavy, rPois rN+
                  | Dex+3}
 15663 | Lair:3   | Identified the +4 long sword of Balance {freeze, rPois
                  | Dex+3 Stlth+}
 16024 | Lair:3   | Found a staircase to the Shoals.
 16046 | Lair:3   | Reached skill level 7 in Fighting
 16046 | Lair:3   | Reached skill level 16 in Stealth
 16055 | Lair:3   | Reached ***** piety under Dithmenos
 16183 | Lair:3   | Noticed Amaemon
 16186 | Lair:3   | Killed Amaemon
 16961 | Lair:4   | Reached skill level 17 in Stealth
 16965 | Lair:4   | Reached skill level 8 in Fighting
 17607 | Lair:5   | Entered Level 5 of the Lair of Beasts
 17755 | Lair:5   | Reached XP level 14. HP: 106/106 MP: 11/23
 17759 | Lair:5   | Reached skill level 18 in Stealth
 17924 | Lair:5   | Reached skill level 9 in Fighting
 18621 | Lair:5   | Reached skill level 19 in Stealth
 18772 | Lair:5   | Reached ****** piety under Dithmenos
 18797 | Lair:5   | Found a viscous altar of Jiyva.
 18798 | Lair:5   | Found a staircase to the Slime Pits.
 18812 | Lair:5   | Reached skill level 10 in Fighting
 19090 | Lair:5   | Reached skill level 20 in Stealth
 19683 | Lair:5   | Acquired 922 gold pieces
 20339 | Orc:1    | Entered Level 1 of the Orcish Mines
 20339 | Orc:1    | Noticed Harold
 20339 | Orc:1    | Noticed Erica
 20402 | Orc:1    | Killed Harold
 20426 | Orc:1    | Killed Erica
 20646 | Orc:2    | Entered Level 2 of the Orcish Mines
 20646 | Orc:2    | Found a staircase to the Elven Halls.
 20857 | Orc:2    | Reached skill level 6 in Alchemy
 20951 | Orc:2    | Reached skill level 21 in Stealth
 20951 | Orc:2    | Reached skill level 6 in Earth Magic
 21608 | Orc:2    | Reached skill level 22 in Stealth
 21620 | Orc:2    | Reached XP level 15. HP: 94/115 MP: 7/24
 21791 | Orc:2    | Found Ruzeph's General Store.
 21791 | Orc:2    | Found Jeorphilo's General Store.
 21836 | Orc:2    | Found Leejom's Antique Armour Shoppe.
 21836 | Orc:2    | Found Dumavont's General Store.
 21843 | Orc:2    | Bought a potion of heal wounds for 70 gold pieces
 21844 | Orc:2    | Bought a potion of heal wounds for 65 gold pieces
 21845 | Orc:2    | Bought a scroll of blinking for 127 gold pieces
 21910 | Orc:2    | Reached skill level 23 in Stealth
 22190 | Orc:1    | Found Merosoes's Armour Emporium.
 22330 | Orc:1    | Noticed Fannar
 22372 | Orc:2    | Killed Fannar
 22720 | D:13     | Noticed Rupert
 22728 | D:13     | Killed Rupert
 22746 | D:13     | Noticed Jorgrun
 22749 | D:13     | Killed Jorgrun
 22902 | D:13     | Found a bloodstained altar of Trog.
 23027 | D:13     | Identified the +4 hand axe of the Mauling Gods {chaos,
                  | Will+}
 23384 | D:13     | Reached skill level 24 in Stealth
 23496 | D:13     | Found a gate to the Vaults.
 24261 | D:14     | Reached skill level 25 in Stealth
 24883 | D:15     | Found a staircase to the Depths.
 25472 | Spider:1 | Entered Level 1 of the Spider Nest
 25479 | Spider:1 | Reached skill level 26 in Stealth
 25804 | Spider:1 | Identified the +7 broad axe of Janoah {vamp, rElec Str+4
                  | Int+3}
 26316 | Spider:1 | Reached skill level 27 in Stealth
 26704 | Spider:2 | Noticed Arachne
 26704 | Spider:2 | Noticed an emperor scorpion
 26706 | Spider:2 | Reached XP level 16. HP: 122/122 MP: 25/25
 26707 | Spider:2 | Killed Arachne
 26708 | Spider:2 | Reached skill level 1 in Invocations
 26720 | Spider:2 | Reached skill level 2 in Invocations
 26891 | Spider:2 | Reached skill level 7 in Spellcasting
 26894 | Spider:2 | Reached skill level 3 in Invocations
 27323 | Spider:2 | Reached skill level 4 in Invocations
 27415 | Spider:2 | Reached skill level 8 in Spellcasting
 27645 | Spider:2 | Gained mutation: You are frail. (-10% HP) [mutagenic glow]
 27684 | Spider:3 | Reached skill level 5 in Invocations
 27763 | Spider:3 | Noticed Mara
 28115 | Spider:3 | Learned a level 3 spell: Mephitic Cloud
 28121 | Spider:3 | Learned a level 5 spell: Yara's Violent Unravelling
 28351 | Spider:2 | Reached skill level 1 in Air Magic
 28402 | Spider:2 | Reached skill level 1 in Conjurations
 29234 | Shoals:1 | Entered Level 1 of the Shoals
 29272 | Shoals:1 | Reached skill level 2 in Air Magic
 29464 | Shoals:1 | Found a transporter.
 29467 | Shoals:1 | Found a transporter.
 29468 | Shoals:1 | Noticed Amuaxidi's ghost (adept FoCK)
 29578 | Shoals:1 | Found Givev's Antique Weapon Boutique.
 29586 | Shoals:1 | Bought a glowing rapier for 217 gold pieces
 29683 | Shoals:1 | Reached skill level 2 in Conjurations
 29826 | Shoals:1 | Noticed a kraken
 29833 | Shoals:1 | Killed a kraken
 29834 | Shoals:1 | Reached skill level 3 in Air Magic
 29834 | Shoals:1 | Reached skill level 6 in Invocations
 30237 | Shoals:2 | HP: 8/109 [cyclops/large rock (43)]
 30489 | Shoals:2 | Reached skill level 9 in Spellcasting
 30489 | Shoals:2 | Reached skill level 3 in Conjurations
 30662 | Shoals:2 | Identified 3 potions of resistance
 31703 | Shoals:3 | Reached skill level 7 in Invocations
 31974 | Shoals:3 | Reached XP level 17. HP: 115/115 MP: 27/30
 32129 | Shoals:3 | Reached skill level 10 in Spellcasting
 32987 | Orc:2    | Bought a pair of ichor-stained gloves for 180 gold pieces
 32987 | Orc:2    | Identified the +3 pair of gloves "Ytaong" {rPois Will+
                  | Int+2 Slay+6} (You bought it in a shop on level 2 of the
                  | Orcish Mines)
 32987 | Orc:2    | Bought an embroidered scarf for 152 gold pieces
 32987 | Orc:2    | Bought an ichor-stained leather armour for 133 gold pieces
 32987 | Orc:2    | Identified the +1 leather armour "Pah Teo" {-Cast rF+
                  | Str+3} (You bought it in a shop on level 2 of the Orcish
                  | Mines)
 32987 | Orc:2    | Bought a glowing scarf for 152 gold pieces
 32987 | Orc:2    | Identified a scarf of resistance (You bought it in a shop
                  | on level 2 of the Orcish Mines)
 33283 | D:1      | Bought a shiny troll leather armour for 468 gold pieces
 33531 | Elf:1    | Entered Level 1 of the Elven Halls
 33539 | Elf:1    | Got the Quarto of Anathema
 33548 | Elf:1    | Learned a level 7 spell: Enfeeble
 33558 | Elf:1    | Reached skill level 11 in Hexes
 33703 | Elf:1    | Noticed Louise
 33709 | Elf:1    | Killed Louise
 33728 | Elf:1    | Noticed Agnes
 33733 | Elf:1    | Killed Agnes
 33734 | Elf:1    | Reached skill level 12 in Hexes
 33894 | Elf:1    | Reached skill level 13 in Hexes
 34320 | Elf:1    | Identified the +10 war axe of Umesm {flame, rC+ Will-
                  | Str+2}
 34453 | Elf:1    | Reached skill level 14 in Hexes
 34563 | Elf:2    | Noticed Norris
 35341 | Spider:3 | Killed Mara
 35342 | Spider:3 | Reached skill level 15 in Hexes
 35440 | Spider:4 | Entered Level 4 of the Spider Nest
 35641 | Spider:4 | Reached skill level 16 in Hexes
 35924 | Spider:4 | Reached skill level 17 in Hexes
 36324 | Spider:4 | Reached skill level 18 in Hexes
 36356 | Spider:4 | Reached skill level 1 in Shapeshifting
 36375 | Spider:4 | Identified the +1 hat "Angaxofy" {Will++ Str+6}
 36390 | Spider:4 | Got a gossamer rune of Zot
 36498 | Spider:4 | Reached skill level 2 in Shapeshifting
 37084 | D:11     | Reached XP level 18. HP: 119/120 MP: 29/32
 37094 | D:11     | Reached skill level 3 in Shapeshifting
 37119 | D:11     | Found a runed translucent gate.
 37119 | D:11     | Found a runed translucent gate.
 37124 | D:11     | Found a runed translucent gate.
 37125 | D:11     | Noticed diceflayer's ghost (journeyman MiFi)
 37509 | D:11     | Killed diceflayer's ghost
 37559 | D:11     | Gained mutation: You are clumsy. (Dex -2) [mutagenic glow]
 37793 | Lair:3   | Learned a level 2 spell: Blink
 37948 | Shoals:3 | Lost mutation: You are clumsy. (Dex -2) [potion of
                  | mutation]
 37948 | Shoals:3 | Lost mutation: You are frail. (-10% HP) [potion of
                  | mutation]
 37948 | Shoals:3 | Gained mutation: You occasionally lose the ability to read
                  | scrolls when taking damage. [potion of mutation]
 37948 | Shoals:3 | Gained mutation: You occasionally shout uncontrollably at
                  | your foes. [potion of mutation]
 37948 | Shoals:3 | Gained mutation: You have hidden genetic potential. [potion
                  | of mutation]
 37949 | Shoals:3 | Lost mutation: You occasionally lose the ability to read
                  | scrolls when taking damage. [potion of mutation]
 37949 | Shoals:3 | Lost mutation: You occasionally shout uncontrollably at
                  | your foes. [potion of mutation]
 37949 | Shoals:3 | Gained mutation: Your flesh is heat resistant. (rF+)
                  | [potion of mutation]
 37949 | Shoals:3 | Gained mutation: Your movements are slightly less
                  | encumbered by armour. (ER -2) [potion of mutation]
 37949 | Shoals:3 | Gained mutation: Your health recovers twice as slowly from
                  | being drained. [potion of mutation]
 37949 | Shoals:3 | Gained mutation: Your muscles are strong. (Str +4, Int/Dex
                  | -1) [potion of mutation]
 37969 | Shoals:4 | Entered Level 4 of the Shoals
 38035 | Shoals:4 | Got the Elucidation of the Singed Birds
 38140 | Shoals:4 | Reached skill level 1 in Translocations
 38228 | Shoals:4 | Reached skill level 4 in Shapeshifting
 38415 | Shoals:4 | Found the +8 lance "Wyrmbane" {slay drac, rPois rF+ rC+
                  | AC+3}
 38566 | Shoals:4 | Reached skill level 2 in Translocations
 38688 | Shoals:4 | Reached skill level 11 in Fighting
 38715 | Shoals:4 | Reached skill level 5 in Shapeshifting
 39006 | Shoals:4 | Reached skill level 3 in Translocations
 39433 | Shoals:4 | Got a barnacled rune of Zot
 39476 | Shoals:4 | Identified the +4 halberd of Freehold {flame, rC+ Stlth+}
 40641 | Elf:1    | Killed Norris
 40642 | Elf:1    | Reached skill level 6 in Shapeshifting
 40959 | Elf:1    | Reached skill level 4 in Translocations
 41562 | Elf:2    | Found Tiomef's Antique Weapon Shoppe.
 41567 | Elf:2    | Paralysed by an air elemental for 1 turns
 41574 | Elf:2    | Paralysed by an air elemental for 1 turns
 41688 | Elf:2    | Found a runed translucent gate.
 41689 | Elf:2    | Found a runed translucent gate.
 41724 | Elf:2    | Found a runed translucent gate.
 41797 | Elf:2    | Reached skill level 7 in Shapeshifting
 41944 | Elf:2    | Got Sif Muna's Tractate on the Discharge
 42176 | Elf:2    | Reached skill level 12 in Fighting
 42301 | Elf:2    | Noticed Nikola
 42314 | Elf:2    | Killed Nikola
 42487 | Elf:2    | Reached skill level 8 in Shapeshifting
 42823 | Elf:2    | HP: 13/141 [+1 glaive of venom (5)]
 43045 | Elf:2    | HP: 3/141 [+2 flail of holy wrath (33)]
 43580 | Elf:3    | Entered Level 3 of the Elven Halls
 43588 | Elf:3    | Noticed Saint Roka
 43598 | Elf:3    | Found Janophe's Weapon Boutique.
 43641 | Elf:3    | Killed Saint Roka
 43642 | Elf:3    | Reached XP level 19. HP: 120/148 MP: 12/33
 43701 | Elf:3    | Gained mutation: You are strong-willed. (Will+) [hidden
                  | potential]
 43732 | Elf:3    | Reached skill level 9 in Shapeshifting
 43998 | Elf:3    | Reached skill level 13 in Fighting
 44168 | Elf:3    | Noticed Boris
 44200 | Elf:3    | Killed Boris
 44845 | Elf:3    | Identified the +8 battleaxe "Wenul" {holy, MP-9 Str+2 Int+6
                  | Stlth+}
 44845 | Elf:3    | Identified the +0 scale mail of Slovenliness {rPois}
 45061 | Elf:3    | Identified the +6 long sword "Vuuf" {elec, Dex+5}
 45065 | Elf:3    | Identified the amulet of Balance {RegenMP rPois Will+
                  | Stlth+}
 45228 | Elf:3    | Identified the +7 morningstar "Ticlamai" {spect, Fly SInv}
 45283 | Elf:3    | Reached skill level 10 in Shapeshifting
 45978 | Elf:3    | Noticed a Brimstone Fiend
 46187 | Elf:3    | Identified the ring "Qacudim" {rF+ Will+ rCorr Slay+2
                  | Stlth+}
 46214 | Elf:3    | Reached skill level 11 in Shapeshifting
 46217 | Elf:3    | Reached skill level 14 in Fighting
 46611 | Elf:3    | Identified the +4 triple crossbow "Ahai" {freeze, Stlth+}
 46626 | Elf:3    | Got the Folio of the Lumpy Emperors
 46646 | Elf:3    | Identified the +3 arbalest of Vuseesen {elec, ^Fragile rN++
                  | Will+ rCorr}
 46718 | Elf:3    | Identified a potion of experience
 46720 | Elf:3    | Reached XP level 20. HP: 160/160 MP: 34/34
 46776 | Elf:3    | Learned a level 8 spell: Discord
 46978 | Vaults:1 | Entered Level 1 of the Vaults
 47235 | Vaults:1 | Reached skill level 12 in Shapeshifting
 47620 | Vaults:1 | Reached skill level 19 in Hexes
 47805 | Vaults:1 | Reached XP level 21. HP: 163/167 MP: 20/35
 47807 | Vaults:1 | Gained mutation: You have a pair of small antennae on your
                  | head. [hidden potential]
 47807 | Vaults:1 | Lost mutation: You have hidden genetic potential. [hidden
                  | potential expressed]
 48017 | Vaults:1 | Reached skill level 15 in Fighting
 48025 | Vaults:1 | Reached skill level 20 in Hexes
 48151 | Vaults:1 | Reached skill level 13 in Shapeshifting
 48418 | Vaults:1 | Found the +10 dark maul {heavy}
 49051 | Vaults:2 | Reached skill level 14 in Shapeshifting
 49267 | Vaults:2 | Identified the +1 leather armour of Zoutzuym {Int+3}
 50371 | Vaults:2 | Found a staircase to the Crypt.
 50376 | Vaults:2 | Reached skill level 15 in Shapeshifting
 50564 | Vaults:2 | Found Taxie's Magic Scroll Boutique.
 50569 | Vaults:2 | Bought a scroll of teleportation for 63 gold pieces
 50569 | Vaults:2 | Bought a scroll of teleportation for 63 gold pieces
 51128 | Vaults:3 | Found Cupya's Assorted Antiques.
 51189 | Vaults:3 | Reached skill level 16 in Shapeshifting
 51456 | Vaults:3 | Found a runed translucent gate.
 51456 | Vaults:3 | Found a runed translucent gate.
 51457 | Vaults:3 | Found a runed translucent gate.
 51533 | Vaults:3 | Noticed Asterion
 51556 | Vaults:3 | Killed Asterion
 51695 | Vaults:3 | Noticed DizzySkin's ghost (veteran MiBe)
 51702 | Vaults:3 | Killed DizzySkin's ghost
 51711 | Vaults:3 | Identified the +8 dagger of Viny Tenacity {pain, Str+3
                  | Int-5 Dex+3 SInv}
 51798 | Vaults:4 | Reached skill level 11 in Spellcasting
 52310 | Vaults:4 | Reached skill level 12 in Spellcasting
 52313 | Vaults:4 | Reached XP level 22. HP: 175/175 MP: 38/38
 52318 | Vaults:4 | Identified the +0 triple crossbow of Dissent {flame, Dex+5}
 52574 | Vaults:4 | Reached skill level 16 in Dodging
 53150 | Depths:1 | Entered Level 1 of the Depths
 53240 | Depths:1 | Found Xuunudgh's Distillery.
 53243 | Depths:1 | Found Aklua's General Store.
 53243 | Depths:1 | Found Haovil's General Store.
 53246 | Depths:1 | Found Fatt's Antique Weapon Emporium.
 53259 | Depths:1 | Bought a scroll of teleportation for 57 gold pieces
 53265 | Depths:1 | Bought a potion of might for 72 gold pieces
 53265 | Depths:1 | Bought a potion of heal wounds for 90 gold pieces
 53287 | Depths:1 | Reached skill level 5 in Translocations
 53392 | Depths:1 | Found a one-way gate to the infinite horrors of the Abyss.
 53408 | Depths:1 | Reached skill level 6 in Translocations
 53616 | Depths:1 | Acquired 1062 gold pieces
 53735 | Depths:1 | Reached skill level 7 in Translocations
 53872 | Depths:1 | Found a one-way gateway to a ziggurat.
 54033 | Depths:1 | Found a gateway to Hell.
 54292 | Depths:1 | Learned a level 4 spell: Manifold Assault
 54327 | Depths:2 | Reached skill level 8 in Translocations
 54358 | Depths:2 | Acquired the ring of Wecorch {Fire *Corrode Will+ Int-2
                  | Dex+10}
 54359 | Depths:2 | Acquired the ring "Pohuegud" {rF+ rC++}
 54360 | Depths:2 | Acquired the amulet "Zohuiro" {rF+ Regen+}
 54642 | Depths:2 | Found a one-way gate leading to the halls of Pandemonium.
 54698 | Depths:2 | Reached skill level 9 in Translocations
 54821 | Depths:2 | Found Utual's Changing Room.
 54903 | Depths:2 | Reached skill level 10 in Translocations
 55109 | Depths:2 | Found Fahoapt's Book Shop.
 55110 | Depths:2 | Found Measul Ofij's Book Shop.
 55110 | Depths:2 | Found Pedghuedd's Jewellery Emporium.
 55510 | Depths:2 | Reached skill level 11 in Translocations
 55973 | Depths:3 | Reached XP level 23. HP: 181/181 MP: 33/39
 56077 | Depths:3 | Found Plog's Antique Weapon Shop.
 56081 | Depths:3 | Found Wizog's Jewellery Shop.
 56157 | Depths:3 | Reached skill level 12 in Translocations
 56195 | Depths:3 | Reached skill level 1 in Armour
 56284 | Depths:3 | Reached skill level 2 in Armour
 56311 | Depths:3 | Found a shimmering blue altar of Sif Muna.
 56656 | Depths:4 | Entered Level 4 of the Depths
 56777 | Depths:4 | Reached skill level 3 in Armour
 56845 | Depths:4 | Identified the ring "Tergh" {Str+6 Slay+2}
 56857 | Depths:4 | Found a gate to the Realm of Zot.
 56981 | Depths:4 | Found a transporter.
 57044 | Depths:4 | Reached skill level 4 in Armour
 57099 | Depths:4 | Identified the ring "Yvuot" {rPois Will- Str+2 Stlth+}
 57157 | Depths:4 | Noticed Sojobo
 57267 | Depths:4 | Noticed a caustic shrike
 57267 | Depths:4 | Identified the ring of Inoboo {rF+ Int+2 Slay+4 SInv
                  | Stlth+}
 57280 | Depths:4 | Killed a caustic shrike
 57281 | Depths:4 | Reached skill level 17 in Dodging
 57430 | Depths:4 | Found a transporter.
 57442 | Depths:4 | Found a shimmering altar of Xom.
 57449 | Depths:4 | HP: 8/151 [tengu reaver/+3 long sword (29)]
 57449 | Depths:4 | Slain by a tengu reaver

Vanquished Creatures
  Mara (Spider:3)
  Boris (Elf:3)
  Saint Roka (Elf:3)
  The ghost of DizzySkin the Executioner, a veteran MiBe of Trog (Vaults:3)
  A caustic shrike (Depths:4)
  Norris (Elf:1)
  Nikola (Elf:2)
  Arachne (Spider:2)
  3 tentacled monstrosities
  Jorgrun (D:13)
  A walking crystal tome (Depths:4)
  2 liches (Depths:1)
  A quicksilver dragon (Depths:1)
  3 deep elf blademasters
  Rupert (D:13)
  6 sphinxes
  A walking divine tome (Depths:3)
  An ancient champion (Depths:4)
  2 deep elf master archers (Elf:3)
  A kraken (Shoals:1)
  2 storm dragons (Depths:2)
  A tengu reaver (Depths:2)
  Agnes (Elf:1)
  2 shadow dragons
  2 draconian knights (Depths:4)
  Louise (Elf:1)
  8 frost giants
  6 deep elf sorcerers
  2 iron dragons
  A draconian scorcher (Depths:4)
  6 fire giants
  8 vault wardens
  3 emperor scorpions
  A balrug (Depths:2)
  4 deep elf elementalists (Elf:3)
  5 ghost moths
  A broodmother (Spider:2)
  A reaper (Depths:2)
  A juggernaut skeleton (Depths:3)
  13 ironbound preservers
  An orc warlord (Vaults:4)
  3 vampire knights
  2 spriggan defenders (Depths:4)
  6 stone giants
  3 very ugly things
  6 ironbound thunderhulks
  4 deep elf demonologists (Elf:3)
  A formless jellyfish (Vaults:1)
  4 deep elf death magi (Elf:3)
  6 deep elf annihilators
  7 spark wasps (Depths:2)
  8 dire elephants
  Azrael (D:12)
  The ghost of diceflayer the Warrior, a journeyman MiFi of Okawaru (D:11)
  2 merfolk javelineers
  9 fire dragons
  2 entropy weavers (shapeshifter) (Depths:2)
  8 entropy weavers
  9 yaktaur captains
  4 deep elf high priests
  7 ettins
  3 jiangshi (Depths:1)
  Fannar (Orc:2)
  10 merfolk impalers
  14 vault guards
  6 great orbs of eyes
  4 ogre magi (Orc:2)
  2 peacekeepers
  6 rakshasas
  Erolcha (D:12)
  5 ice dragons
  Erica (Orc:1)
  Harold (Orc:1)
  12 hydras
  7 ironbound frosthearts
  A spriggan air mage (Depths:2)
  3 alligator snapping turtles
  A salamander tyrant (Depths:4)
  3 jorogumos
  4 merfolk aquamancers
  A merfolk avatar (Shoals:2)
  6 radroaches
  23 dancing weapons
  3 death yaks (Lair:3)
  19 centaur warriors
  2 satyrs
  2 tengu warriors
  4 deep troll earth magi (Depths:3)
  5 boulder beetles
  6 deep troll shamans
  A sphinx skeleton (Depths:3)
  3 spriggan berserkers
  13 two-headed ogres (Orc:2)
  2 vampire magi (Depths:1)
  3 spriggans (Depths:4)
  9 demonic crawlers
  15 deep elf knights
  A naga sharpshooter (Depths:4)
  A soul eater (Vaults:2)
  6 hell knights
  Amaemon (Lair:3)
  10 pharaoh ants
  A salamander mystic (Depths:4)
  6 sun demons (Depths:2)
  5 skysharks
  A sea snake (shapeshifter) (D:11)
  13 deep elf archers
  13 sea snakes
  6 orb spiders
  3 arcanists
  46 deep trolls
  4 phantasmal warriors
  7 glowing orange brains
  3 flayed ghosts (Depths:2)
  10 ironbound convokers
  7 lindwurms (Vaults:1)
  26 deep elf pyromancers
  7 orc knights
  30 deep elf zephyrmancers
  7 steelbarb worms
  7 harpies
  A necromancer (Depths:3)
  A shining eye (shapeshifter) (Depths:1)
  7 manticores
  16 ugly things
  2 moths of wrath
  8 fauns
  22 cyclopes
  An elephant (shapeshifter) (Depths:2)
  23 wolf spiders
  A moth of wrath (shapeshifter) (Depths:1)
  A fire giant skeleton (Depths:3)
  6 merfolk sirens
  12 vault sentinels
  5 elephants
  3 black mambas
  4 torpor snails
  4 water nymphs
  A black mamba (shapeshifter) (D:11)
  A smoke demon (Depths:2)
  25 cane toads
  3 gargoyles
  7 kobold blastminers
  An orange demon (Lair:3)
  A cane toad (shapeshifter) (D:11)
  8 large abominations (Depths:1)
  A freezing wraith (Vaults:2)
  6 rime drakes
  8 komodo dragons
  4 unseen horrors
  19 yaktaurs
  A kobold demonologist (D:11)
  A yaktaur (shapeshifter) (D:11)
  2 efreet
  6 trolls
  14 wind drakes
  2 tyrant leeches (Lair:5)
  17 tarantellas
  28 merfolk
  A polar bear (Lair:4)
  A wind drake (shapeshifter) (D:11)
  Grinder (D:3)
  6 hornets
  25 blink frogs
  A glass eye (shapeshifter) (Depths:2)
  17 dream sheep
  Prince Ribbit (Bailey)
  10 snapping turtles
  8 glass eyes
  2 air elementals
  27 culicivoras
  43 slime creatures
  A shadow (D:10)
  3 wraiths
  7 humans (Bailey)
  32 jumping spiders
  13 water elementals
  3 wyverns
  A centaur simulacrum (D:14)
  3 basilisks
  40 yaks
  5 fire elementals
  A chaos spawn (Depths:1)
  34 redbacks
  8 steam dragons
  10 vampire mosquitoes
  A neqoxec (D:11)
  4 small abominations (Depths:1)
  A swamp worm (shapeshifter) (Depths:2)
  5 hell hounds (D:12)
  16 water moccasins
  Duvessa (D:4)
  25 orc warriors
  4 ice beasts
  3 black bears
  27 ogres
  5 spriggan simulacra (Depths:2)
  A black bear (shapeshifter) (Depths:1)
  3 laughing skulls
  19 wolves
  5 centaurs
  A phantom (D:5)
  A slime creature simulacrum (IceCv)
  A kobold brigand (D:9)
  27 bullfrogs
  An earth elemental (Elf:3)
  4 scorpions
  2 glowing shapeshifter simulacra (IceCv)
  Dowan (D:4)
  3 wights (D:8)
  5 killer bees (D:11)
  6 howler monkeys
  5 electric eels
  17 orc priests
  A bombardier beetle (D:3)
  5 jellies
  2 sleepcaps (D:6)
  Jessica (D:2)
  Natasha (thrice) (D:2)
  7 iguanas
  15 orc wizards
  5 shapeshifter simulacra (IceCv)
  2 gnolls (D:9)
  5 adders
  A shadow imp (D:6)
  2 dart slugs
  A ribbon worm (D:3)
  46 orcs
  9 endoplasms
  3 giant cockroaches
  6 goblins
  7 hobgoblins
  16 jackals
  7 quokkas
  7 ball pythons
  6 bats
  A frilled lizard (D:3)
  11 kobolds
  6 rats
  A spectral weapon (Vaults:3)
1564 creatures vanquished.

Vanquished Creatures (collateral kills)
  A lich (Depths:4)
  A sphinx (Vaults:3)
  A frost giant (Depths:1)
  2 vault wardens
  2 orc warlords
  2 ironbound preservers
  5 very ugly things
  2 ironbound thunderhulks
  A vampire knight (Depths:2)
  4 spark wasps (Depths:2)
  4 dire elephants (Vaults:2)
  A crystal guardian (Vaults:4)
  3 great orbs of eyes (Depths:2)
  A vault guard (Vaults:2)
  A hell beast (Depths:2)
  A rakshasa (Depths:1)
  A spriggan air mage (Depths:3)
  A dancing weapon (Elf:1)
  A deep troll shaman (Depths:3)
  9 hell knights
  3 sun demons (Depths:2)
  8 deep trolls
  A salamander mystic (Depths:2)
  A swamp dragon (shapeshifter) (Depths:1)
  A phantasmal warrior (Depths:2)
  A glowing orange brain (Depths:4)
  An ironbound convoker (Vaults:2)
  5 necromancers
  4 orc knights
  2 ugly things
  6 salamanders
  A vault sentinel (Vaults:4)
  A hellion (Depths:2)
  A yaktaur (Vaults:3)
  A glass eye (Depths:3)
  3 slime creatures (Vaults:4)
  3 orcs (D:6)
87 creatures vanquished.

Vanquished Creatures (others)
  Asterion (Vaults:3)
  An ice dragon (Depths:2)
  2 hell knights (Depths:4)
  A deep elf knight (Elf:2)
  A spriggan berserker (Depths:2)
  A salamander mystic (Depths:2)
  A deep elf pyromancer (Elf:2)
  A salamander (Depths:2)
  An ugly thing (Depths:2)
  A black mamba (shapeshifter) (Depths:4)
  A vault sentinel (Vaults:2)
  A yaktaur (Vaults:3)
  A culicivora (Spider:4)
  A centaur (D:11)
  An orc priest (Orc:1)
  A sleepcap (D:6)
  2 orcs (Orc:1)
  4 tentacles (Shoals:1)
23 creatures vanquished.

Grand Total: 1674 creatures vanquished

Table legend: (Time is in decaauts)
 A = Elapsed time spent in this place.
 B = Non-inter-level travel time spent in this place.
 C = Inter-level travel time spent in this place.
 D = Time resting spent in this place.
 E = Time spent auto-exploring this place.
 F = Levels seen in this place.
 G = Mean time per level.
                   A        B        C        D        E       F      G
               +--------+--------+--------+--------+--------+-----+--------+
         Total |  56109 |  50317 |   5792 |   7250 |  32133 |  44 | 1275.2 |
       Dungeon |  16558 |  14222 |   2336 |    881 |  10997 |  15 | 1103.9 |
        Temple |    122 |     60 |     62 |      0 |     59 |   1 |  122.0 |
          Lair |   7663 |   6570 |   1093 |    872 |   4259 |   5 | 1532.6 |
        Shoals |   5594 |   5196 |    398 |    594 |   3447 |   4 | 1398.5 |
   Spider Nest |   5246 |   4893 |    353 |    882 |   2781 |   4 | 1311.5 |
  Orcish Mines |   2225 |   1990 |    235 |    179 |   1156 |   2 | 1112.5 |
   Elven Halls |   7797 |   7028 |    769 |   3120 |   2455 |   3 | 2599.0 |
        Vaults |   5919 |   5457 |    462 |    348 |   3940 |   4 | 1479.8 |
        Depths |   4197 |   4116 |     81 |    300 |   2608 |   4 | 1049.2 |
        Bailey |    384 |    384 |      0 |      0 |    275 |   1 |  384.0 |
      Ice Cave |    400 |    400 |      0 |     74 |    154 |   1 |  400.0 |
               +--------+--------+--------+--------+--------+-----+--------+

Top non-repeatable levels by time:
   Elf:3: 3197 daAuts
   Elf:1: 2636 daAuts
  Lair:5: 2093 daAuts
Vaults:2: 2050 daAuts
   Elf:2: 1964 daAuts
Shoals:4: 1849 daAuts
  Lair:3: 1757 daAuts
Spider:2: 1628 daAuts
Vaults:1: 1559 daAuts
  Lair:1: 1546 daAuts
Depths:2: 1524 daAuts
    D:10: 1514 daAuts
     D:8: 1496 daAuts
   Orc:2: 1405 daAuts
  Lair:4: 1381 daAuts

Table legend:
 A = Non-vault XP
 B = Vault XP
 C = Vault XP percentage of total XP
 D = Non-vault monster count
 E = Vault monster count
 F = Vault count percentage of total count
                 A         B        C        D         E       F
            +---------+---------+-------+---------+---------+-------
      Total |  436552 |  388168 |  47.1 |    1019 |     638 |  38.5
            +---------+---------+-------+---------+---------+-------
        D:1 |      36 |       0 |   0.0 |      21 |       0 |   0.0
        D:2 |     112 |      72 |  39.1 |      13 |       2 |  13.3
        D:3 |      85 |     291 |  77.4 |      24 |       8 |  25.0
        D:4 |     248 |     218 |  46.8 |      11 |       2 |  15.4
        D:5 |     505 |       0 |   0.0 |      12 |       0 |   0.0
        D:6 |     959 |       0 |   0.0 |      22 |       0 |   0.0
        D:7 |     658 |       0 |   0.0 |       9 |       0 |   0.0
        D:8 |     931 |    4222 |  81.9 |       8 |      14 |  63.6
        D:9 |    2303 |      32 |   1.4 |      21 |       4 |  16.0
       D:10 |    3036 |       0 |   0.0 |      17 |       0 |   0.0
       D:11 |    3429 |    5507 |  61.6 |      16 |      11 |  40.7
       D:12 |    2405 |    3151 |  56.7 |      10 |      10 |  50.0
       D:13 |    4783 |    5506 |  53.5 |      13 |       8 |  38.1
       D:14 |   10120 |       0 |   0.0 |      25 |       0 |   0.0
       D:15 |    2914 |    3260 |  52.8 |      11 |       5 |  31.2
     Lair:1 |    5294 |    1320 |  20.0 |      29 |       4 |  12.1
     Lair:2 |    5502 |    3178 |  36.6 |      18 |      12 |  40.0
     Lair:3 |    4725 |    2568 |  35.2 |       9 |       6 |  40.0
     Lair:4 |   11341 |     667 |   5.6 |      35 |       3 |   7.9
     Lair:5 |   12199 |   11300 |  48.1 |      39 |      50 |  56.2
   Shoals:1 |    7372 |    1204 |  14.0 |      15 |       2 |  11.8
   Shoals:2 |    6556 |    4265 |  39.4 |      16 |       8 |  33.3
   Shoals:3 |   14787 |       0 |   0.0 |      32 |       0 |   0.0
   Shoals:4 |   16830 |   18929 |  52.9 |      37 |      33 |  47.1
   Spider:1 |   11960 |    2873 |  19.4 |      29 |       8 |  21.6
   Spider:2 |   27770 |    2038 |   6.8 |      50 |       1 |   2.0
   Spider:3 |    7355 |    4347 |  37.1 |      20 |       1 |   4.8
   Spider:4 |   18400 |   19228 |  51.1 |      48 |      39 |  44.8
      Orc:1 |    2668 |    1499 |  36.0 |      30 |       2 |   6.2
      Orc:2 |    3827 |   17445 |  82.0 |      39 |      39 |  50.0
      Elf:1 |   20294 |   12689 |  38.5 |      30 |      14 |  31.8
      Elf:2 |    5851 |   27547 |  82.5 |      12 |      35 |  74.5
      Elf:3 |   23400 |   39576 |  62.8 |      36 |      45 |  55.6
   Vaults:1 |   30598 |   34307 |  52.9 |      41 |      46 |  52.9
   Vaults:2 |   37804 |    6375 |  14.4 |      47 |       8 |  14.5
   Vaults:3 |   13452 |   21285 |  61.3 |      23 |      23 |  50.0
   Vaults:4 |   20925 |   19818 |  48.6 |      35 |      32 |  47.8
   Depths:1 |   28742 |   15429 |  34.9 |      34 |      25 |  42.4
   Depths:2 |   34630 |   29604 |  46.1 |      43 |      42 |  49.4
   Depths:3 |   30916 |    6268 |  16.9 |      36 |       5 |  12.2
   Depths:4 |     830 |   56730 |  98.6 |       3 |      59 |  95.2
     Bailey |       0 |    4285 | 100.0 |       0 |      21 | 100.0
      IceCv |       0 |    1135 | 100.0 |       0 |      11 | 100.0
            +---------+---------+-------+---------+---------+-------
